 Adventure DCSS version bcrawl-1.27.3 (webtiles) character file.

Game seed: 9251208373406058200

149891 galech the Skirmisher (level 5, 23/42 HPs)
             Began as a Demonspawn Fighter on Sept 21, 2020.
             Quit the game on level 3 of the Dungeon.
             The game lasted 00:02:11 (2142 turns).

galech the Skirmisher (Demonspawn Fighter)          Turns: 2142, Time: 00:02:12

Health: 23/42      AC:  7    Str: 17    XL:     5   Next: 0%
Magic:  3/5        EV:  5    Int:  9    God:
Gold:   170        SH:  9    Dex: 13    Spells: 4/4 levels left
                                        Lives:  2   Deaths: 0

rFire    . . .     SeeInvis .   a - +0 war axe
rCold    + . .     Gourm    .   c - +0 medium shield
rNeg     . . .     Faith    .   b - +0 scale mail
rPois    .         Spirit   +   f - +1 hat
rElec    .         Reflect  .   (no cloak)
rCorr    .         Harm     .   (no gloves)
MR       .....                  (no boots)
Stlth    ..........             r - amulet of regeneration
HPRegen  0.23/turn              (no ring)
MPRegen  0.09/turn              (no ring)

@: mildly poisoned (23 -> 18)
A: antennae 1, hooves 1, cold resistance 1, magic shield
a: no special abilities


You were on level 3 of the Dungeon.
You were not hungry.

You visited 1 branch of the dungeon, and saw 3 of its levels.

You collected 170 gold pieces.

Inventory:

Hand Weapons
 a - a +0 war axe (weapon)
Missiles
 h - a throwing net {=f}
Armour
 b - a +0 scale mail (worn)
 c - a +0 medium shield (worn)
 f - a +1 hat (worn)
Jewellery
 r - an amulet of regeneration (around neck)
Scrolls
 g - 2 scrolls of identify
 j - a scroll of teleportation {unknown}
 l - a scroll of enchant weapon {unknown}
 n - a scroll of immolation {unknown}
 p - a scroll of fear {unknown}
 s - a scroll of blinking {unknown}
 t - a scroll of fog {unknown}
Potions
 d - a potion of might
 i - 2 potions of cancellation {unknown}
 k - a potion of heal wounds {unknown}
 m - a potion of mutation {unknown}
 o - 2 potions of curing {unknown}
 q - 2 potions of flight {unknown}
Comestibles
 e - 3 rations {!d}


   Skills:
 + Level 3.6 Fighting
 + Level 3.2 Axes
 + Level 3.3 Armour
 + Level 0.9 Dodging
 + Level 0.2 Stealth
 + Level 3.0 Shields


You had 4 spell levels left.
You didn't know any spells.
Your spell library was empty.

Dungeon Overview and Level Annotations

Branches:
Dungeon (3/12)

Altars:
Ashenzari

Annotations:
D:2 1 runed door


Innate Abilities, Weirdness & Mutations

You have a pair of small antennae on your head.
You have large cloven feet.
Your flesh is cold resistant. (rC+)
When hurt, damage is shared between your health and your magic reserves.


Message History

You block the adder's attack. The orc closely misses you.
You hit the orc. You kick the orc.
The orc is heavily wounded.
You closely miss the adder. The adder bites you.
You are poisoned.
The adder poisons you! The orc hits you but does no damage.
You block the adder's attack.
The orc priest invokes the aid of Beogh against you.
Beogh smites you!
You slash the orc!
You kill the orc!
You have reached level 5!
Your demonic ancestry asserts itself...
A pair of antennae grows on your head!
You barely miss the adder.
You feel sick. You block the adder's attack. The adder bites you.
You are more poisoned.
The adder poisons you!
The orc wizard hits you but does no damage.
Are you sure you want to abandon this character and quit the game? (Confirm with "yes".)

.# ## .. .# ..#.
.... ##.#.# #..#^#
# #.##.##.##.##
#.#..@So.....
#.#.#o#.####.
#).###..# #########
#.#.# #...
.†......# #.#..#
####
#######.####.#..###
#.............
######....####
###..#


You could see an orc priest, an orc wizard and an adder.

Vanquished Creatures
  A crimson imp (D:3)
  A killer bee zombie (D:3)
  An adder (D:3)
  2 oozes (D:3)
  A worm (D:2)
  A dart slug (D:2)
  3 leopard geckos
  2 orcs
  4 giant cockroaches
  7 goblins
  5 hobgoblins
  3 jackals
  7 kobolds
  A quokka (D:1)
  2 ball pythons
  2 bats (D:1)
  6 frilled lizards
  8 rats
57 creatures vanquished.

Notes
Turn   | Place    | Note
-------+----------+-------------------------------------------
     0 | D:1      | galech the Demonspawn Fighter began the quest for the Orb.
     0 | D:1      | Reached XP level 1. HP: 18/18 MP: 1/1
   340 | D:1      | Gained mutation: When hurt, damage is shared between your
                  | health and your magic reserves. [demonic ancestry]
   340 | D:1      | Reached XP level 2. HP: 9/24 MP: 2/2
   909 | D:2      | Gained mutation: Your flesh is cold resistant. (rC+)
                  | [demonic ancestry]
   909 | D:2      | Reached XP level 3. HP: 29/29 MP: 3/3
  1009 | D:2      | Found a faded altar of an unknown god.
  1351 | D:2      | Found a runed door.
  1815 | D:3      | Found a shattered altar of Ashenzari.
  1864 | D:3      | Gained mutation: You have large cloven feet. [demonic
                  | ancestry]
  1864 | D:3      | Reached XP level 4. HP: 17/35 MP: 1/4
  2141 | D:3      | Gained mutation: You have a pair of small antennae on your
                  | head. [demonic ancestry]
  2141 | D:3      | Reached XP level 5. HP: 26/42 MP: 3/5
  2142 | D:3      | Quit the game

Skill      XL: |  1  2  3  4 |
---------------+-------------+-----
Armour         | 3 |  3.3
Axes           | 2 3 |  3.2
Shields        | 3 |  3.0
Fighting       | |  3.6
Dodging        | |  0.9
Stealth        | |  0.2

Action                   |  1- 3 |  4- 6 || total
-------------------------+-------+-------++-------
Melee: War axe           |   148 |    55 ||   203
       Kick              |       |    11 ||    11
  Eat: Chunk             |     9 |     3 ||    12
Armor: Scale mail        |    96 |    29 ||   125
Dodge: Dodged            |    41 |     5 ||    46
Block: Medium shield     |    90 |    34 ||   124
